 Dungeon Crawl Stone Soup version 0.29.1-12-g30fa7ad0bf (webtiles) character file.

Game seed: 7263763374198243894

112 wormed the Covert (level 4, 41/41 HPs)
             Began as a Gnoll Delver on Dec 21, 2022.
             Was a Follower of Vehumet.
             Quit the game on level 3 of the Dungeon.
             The game lasted 00:09:21 (2925 turns).

wormed the Covert (Gnoll Delver)                    Turns: 2925, Time: 00:09:22

Health: 41/41      AC:  3    Str: 12    XL:     4   Next: 95%
Magic:  6/6        EV: 13    Int: 11    God:    Vehumet [*.....]
Gold:   151        SH:  0    Dex: 13    Spells: 5/5 levels left

rFire   . . .      SeeInvis .   f - +0 dagger
rCold   . . .      Faith    .   (no shield)
rNeg    . . .      Spirit   .   b - +0 leather armour
rPois   .          Reflect  .   (no helmet)
rElec   .          Harm     .   (no cloak)
rCorr   .          Rampage  .   (no gloves)
Will    .....                   (no boots)
Stlth   ++++......              (no amulet)
HPRegen 0.13/turn               (no ring)
MPRegen 0.10/turn               (no ring)

@: no status effects
A: fangs 1, strong nose, distributed training
a: Renounce Religion


You were on level 3 of the Dungeon.
You worshipped Vehumet.
Vehumet was aware of your devotion.
You visited 1 branch of the dungeon, and saw 5 of its levels.

You collected 151 gold pieces.

Inventory:

Hand Weapons
 f - a +0 dagger (weapon)
Armour
 b - a +0 leather armour (worn)
Jewellery
 s - a +4 ring of protection
Wands
 g - a wand of digging (3)
 l - a wand of light (6)
Scrolls
 d - 4 scrolls of identify {unknown}
 e - a scroll of fear
 h - a scroll of blinking {unknown}
 j - a scroll of noise {unknown}
 k - a scroll of enchant weapon {unknown}
 m - a scroll of magic mapping
 n - a scroll of butterflies {unknown}
 p - a scroll of teleportation {unknown}
 q - 3 scrolls of brand weapon {unknown}
Potions
 a - a potion of mutation {unknown}
 c - a potion of degeneration {unknown}
 i - a potion of resistance {unknown}
 o - a potion of brilliance {unknown}
 r - a potion of flight


   Skills:
 + Level 6.6 Fighting
 + Level 4.7 Short Blades
 + Level 1.3 Long Blades
 + Level 1.3 Axes
 + Level 1.3 Maces & Flails
 + Level 1.3 Polearms
 + Level 1.3 Staves
 + Level 1.3 Ranged Weapons
 + Level 1.3 Throwing
 + Level 1.3 Armour
 + Level 4.7 Dodging
 + Level 9.6 Stealth
 + Level 1.3 Shields
 + Level 1.3 Unarmed Combat
 + Level 1.3 Spellcasting
 + Level 1.1 Conjurations
 + Level 1.1 Hexes
 + Level 1.1 Summonings
 + Level 1.1 Necromancy
 + Level 1.1 Translocations
 + Level 1.1 Transmutations
 + Level 1.1 Fire Magic
 + Level 1.1 Ice Magic
 + Level 1.1 Air Magic
 + Level 1.1 Earth Magic
 + Level 1.1 Poison Magic
 + Level 1.5 Invocations
 + Level 1.3 Evocations


You had 5 spell levels left.
You didn't know any spells.
Your spell library contained the following spells:

 Spells                   Type           Power      Damage    Failure   Level
 Sandblast                Erth           6%         2d5       26%         1
 Apportation              Tloc           6%         N/A       26%         1
 Vampiric Draining        Necr           3%         2d6       58%         3
 Iskenderun's Mystic Bla  Conj/Tloc      3%         2d3       94%         4
 Death's Door             Necr           1%         N/A       100%        9


Dungeon Overview and Level Annotations

Branches:
Dungeon (5/15)
 Temple: D:4-7

Altars:
Elyvilon
Vehumet


Innate Abilities, Weirdness & Mutations

You have very sharp teeth.
Your uncanny sense of smell can sniff out nearby items.
Your experience applies equally to all skills.


Message History

You are starting to lose your buoyancy.
You start resting.
You float gracefully downwards.
You start resting.
HP restored.
There is an escape hatch in the floor here.
You slide downwards.
The hatch slams shut behind you.
There is a stone staircase leading down here.
A kobold is nearby!
There is a stone staircase leading down here.
The kobold throws a stone.
The stone barely misses you.
The kobold throws a stone.
The stone hits you.
There are no items here.
There are no items here.
There are no items here.
There are no items here.
There are no items here.
There are no items here.
There are no items here.
You barely miss the kobold. The kobold barely misses you.
You completely miss the kobold. The kobold closely misses you.
You closely miss the kobold. You hit the kobold.
You kill the kobold!
Things that are here:
a +0 whip; 5 stones; a kobold corpse
There is a stone staircase leading down here.
c - a fizzy sapphire potion You now have 151 gold pieces (gained 14).
You see here a bat skeleton.
s - a +4 ring of protection
There is a faded altar of an unknown god here.
You cannot tell which god this altar belongs to.
Convert to them anyway?
Vehumet accepts your prayer! Vehumet welcomes you!
You can now gain magical power from killing.
Vehumet offers you knowledge of Sandblast.
Unknown command.
Press < or > to pray at altars.
Are you sure you want to abandon this character and quit the game? (Confirm with "yes".)

####.#g....#.......#....####§≈...
.....#.............#.........§≈.§
######.........#.#.#÷........≈§.§
...# ........#.#.#...........≈≈§§
##.# ........###....#######..≈≈_≈
.#.##...##.#....<...# #......≈≈§≈
.#.........###......###.......≈≈≈
..###.#### #.8......+..........
#.# # #.##..@....##.....##### #.#
#....8.....#....### # #.#
#........#...#..# ..#
#.##...#.#####..# ### #
#.#.#........# #......#####.#
###.##.#####.# ∆ #.##.......# ∆
#.##########


There were no monsters in sight!

Vanquished Creatures
  4 adders
  2 worms (D:2)
  A dart slug (D:1)
  An orc (D:5)
  4 endoplasms (D:1)
  3 giant cockroaches
  7 goblins
  2 hobgoblins
  2 jackals (D:1)
  5 kobolds
  5 quokkas
  9 ball pythons
  9 bats
  8 frilled lizards
  3 rats
65 creatures vanquished.

Vanquished Creatures (others)
  3 plants (D:2)
3 creatures vanquished.

Grand Total: 68 creatures vanquished

Notes
Turn   | Place    | Note
-------+----------+-------------------------------------------
     0 | D:5      | Reached skill level 9 in Stealth
     0 | D:5      | wormed the Gnoll Delver began the quest for the Orb.
     0 | D:5      | Reached XP level 1. HP: 23/23 MP: 1/1
    20 | D:5      | Noticed a howler monkey
    62 | D:5      | Noticed a necrophage
    95 | D:4      | Noticed an ogre
   421 | D:1      | Reached XP level 2. HP: 29/29 MP: 2/2
   645 | D:1      | Got the Grimoire of Topological Exhumation
   663 | D:1      | Reached XP level 3. HP: 35/35 MP: 3/3
   703 | D:1      | You fall into a shaft and drop 1 floor!
   729 | D:2      | Reached skill level 1 in Invocations
  1135 | D:2      | Reached skill level 1 in Long Blades
  1135 | D:2      | Reached skill level 1 in Axes
  1135 | D:2      | Reached skill level 1 in Maces & Flails
  1135 | D:2      | Reached skill level 1 in Polearms
  1135 | D:2      | Reached skill level 1 in Staves
  1135 | D:2      | Reached skill level 1 in Ranged Weapons
  1135 | D:2      | Reached skill level 1 in Throwing
  1135 | D:2      | Reached skill level 1 in Armour
  1135 | D:2      | Reached skill level 1 in Shields
  1135 | D:2      | Reached skill level 1 in Unarmed Combat
  1135 | D:2      | Reached skill level 1 in Spellcasting
  1135 | D:2      | Reached skill level 1 in Evocations
  1388 | D:1      | Reached XP level 4. HP: 33/41 MP: 5/5
  1781 | D:2      | Reached skill level 1 in Conjurations
  1781 | D:2      | Reached skill level 1 in Hexes
  1781 | D:2      | Reached skill level 1 in Summonings
  1781 | D:2      | Reached skill level 1 in Necromancy
  1781 | D:2      | Reached skill level 1 in Translocations
  1781 | D:2      | Reached skill level 1 in Transmutations
  1781 | D:2      | Reached skill level 1 in Fire Magic
  1781 | D:2      | Reached skill level 1 in Ice Magic
  1781 | D:2      | Reached skill level 1 in Air Magic
  1781 | D:2      | Reached skill level 1 in Earth Magic
  1781 | D:2      | Reached skill level 1 in Poison Magic
  2524 | D:3      | Found a white marble altar of Elyvilon.
  2557 | D:3      | Found a faded altar of an unknown god.
  2924 | D:3      | Prayed at the altar of an unknown god.
  2924 | D:3      | Became a worshipper of Vehumet
  2924 | D:3      | Reached * piety under Vehumet
  2924 | D:3      | Offered knowledge of Sandblast by Vehumet.
  2925 | D:3      | Quit the game

Illustrated notes

Levels and vault maps discovered:
D:1:      tarquinn_simple_flora_water_c, layout_rooms, minmay_misc_feat_iff
D:2:      layout_rooms, chequers_big_river
D:3:      layout_basic, mainiacjoe_overflow_catwalk,
          dreamdust_ecumenical_altar_statues
D:4:      layout_loops_cross, enter_ossuary_3, serial_shops,
          nicolae_shop_crystal, shop, shop, shop,
          nicolae_shop_bloodbath_and_beyond
D:5:      layout_loops_ring

Skill      XL: |  1  2  3  4 |
---------------+-------------+-----
Stealth        | |  9.6
Invocations    | 1 |  1.5
Long Blades    | 1 |  1.3
Axes           | 1 |  1.3
Maces & Flails | 1 |  1.3
Polearms       | 1 |  1.3
Staves         | 1 |  1.3
Ranged Weapons | 1 |  1.3
Throwing       | 1 |  1.3
Armour         | 1 |  1.3
Shields        | 1 |  1.3
Unarmed Combat | 1 |  1.3
Spellcasting   | 1 |  1.3
Evocations     | 1 |  1.3
Conjurations   | 1 |  1.1
Hexes          | 1 |  1.1
Summonings     | 1 |  1.1
Necromancy     | 1 |  1.1
Translocations | 1 |  1.1
Transmutations | 1 |  1.1
Fire Magic     | 1 |  1.1
Ice Magic      | 1 |  1.1
Air Magic      | 1 |  1.1
Earth Magic    | 1 |  1.1
Poison Magic   | 1 |  1.1
Fighting       | |  6.6
Short Blades   | |  4.7
Dodging        | |  4.7

Action                   |  1- 3 |  4- 6 || total
-------------------------+-------+-------++-------
Melee: Short sword       |    19 |       ||    19
       Bite              |    14 |     5 ||    19
       Dagger            |   127 |    98 ||   225
       Punch             |     1 |       ||     1
  Use: Scroll            |     1 |     2 ||     3
       Potion            |     1 |     1 ||     2
 Stab: Sleeping          |    12 |    10 ||    22
       Distracted        |       |     1 ||     1
Armor: Leather armour    |    40 |    23 ||    63
Dodge: Dodged            |   101 |    79 ||   180
